 Dungeon Crawl Stone Soup version 0.19-a0-1468-ge013c26 (webtiles) character file.

3369 Legolas the Carver (level 9, -16/91 HPs)
             Began as a High Elf Fighter on Sept 7, 2016.
             Was a Priest of Okawaru.
             Demolished by Gastronok (26 damage)
             ... on level 8 of the Dungeon.
             The game lasted 00:12:39 (7239 turns).

Legolas the Carver (High Elf Fighter)               Turns: 7239, Time: 00:12:39

Health: -16/91     AC: 24    Str: 23    XL:     9   Next: 73%
Magic:  11/11      EV:  2    Int: 16    God:    Okawaru [***...]
Gold:   574        SH:  0    Dex: 12    Spells: 0 memorised, 8 levels left

rFire  . . .     SeeInvis .     a - +0 long sword
rCold  . . .     Gourm    +     (armour currently unavailable)
rNeg   + + +     Faith    .     (no shield)
rPois  +         Spirit   .     (helmet currently unavailable)
rElec  .         Dismiss  .     (cloak currently unavailable)
rCorr  .         Reflect  .     (gloves currently unavailable)
MR     .....     Harm     .     (boots currently unavailable)
Stlth  ++........ NoTele   +    B - amulet of Ashenzari's Generosity {Gourm rN+++ Int+6 Dex-4}
                                s - ring of stealth
                                n - ring of wizardry

@: mighty, tree-form
A: (horns 0), (talons 0), (deformed body), dopey 1, regeneration 1, (electricity
resistance)
a: Heroism, Renounce Religion


You were on level 8 of the Dungeon.
You worshipped Okawaru.
Okawaru was most pleased with you.
You were very full.
You were a tree.
You visited 2 branches of the dungeon, and saw 9 of its levels.

You collected 574 gold pieces.

Inventory:

Hand Weapons
 a - a +0 long sword (weapon)
Armour
 b - a +0 scale mail (melded)
 c - a +0 shield
 e - a +1 cloak (melded)
 m - a +1 hat (melded)
 q - a +0 plate armour
 C - a +0 chain mail
 E - a +1 pair of gloves (melded)
Jewellery
 n - a ring of wizardry (left branch)
 s - a ring of stealth (right branch)
 B - the amulet of Ashenzari's Generosity (around neck) {Gourm rN+++ Int+6 Dex-4}
   (You took it off an orc on level 4 of the Dungeon)

   [amulet of the gourmand]

   It allows you to eat raw meat even when not hungry.
   It affects your intelligence (+6).
   It affects your dexterity (-4).
   It renders you almost immune to negative energy.
Wands
 i - a wand of iceblast (6/15)
 r - a wand of polymorph (0/24)
 w - a wand of acid (0/15)
 y - a wand of confusion (30/48)
 A - a wand of paralysis (12/24)
Scrolls
 d - a scroll of remove curse
 j - 5 scrolls of identify
 k - 7 scrolls of teleportation
 l - 3 scrolls of enchant weapon
 p - 3 scrolls of fear
 D - a scroll of amnesia
 H - a scroll of enchant armour
Potions
 g - 3 potions of brilliance
 t - 2 potions of flight
Books
 o - a book of Spatial Translocations

   Spells                             Type                      Level
   a - Apportation                    Translocation                1
   b - Blink                          Translocation                2
   c - Shroud of Golubria             Charms/Translocation         2
   d - Portal Projectile              Translocation                3
   e - Teleport Other                 Translocation                3
   f - Passage of Golubria            Translocation                4
 F - a book of Beasts

   Spells                             Type                      Level
   a - Summon Butterflies             Summoning                    1
   b - Call Canine Familiar           Summoning                    3
   c - Summon Ice Beast               Ice/Summoning                4
   d - Summon Mana Viper              Hexes/Summoning              5
   e - Summon Hydra                   Summoning                    7
Comestibles
 f - 7 bread rations
 h - 3 beef jerkies
 v - 7 meat rations
 G - a slice of pizza


   Skills:
 + Level 5.5 Fighting
 * Level 9.9 Long Blades
 + Level 6.4 Armour
 + Level 8.2 Dodging
 - Level 2.8 Shields
 * Level 2.1 Invocations
 - Level 1.2 Evocations


You had 8 spell levels left.
You didn't know any spells.

Dungeon Overview and Level Annotations

Branches:
Dungeon (8/15)             Temple (1/1) D:4
   Lair: D:8-11

Altars:
Ashenzari
Cheibriados
Dithmenos
Elyvilon
Fedhas
Gozag
Kikubaaqudgha
Makhleb
Nemelex Xobeh
Okawaru
Qazlal
Ru
Sif Muna
Trog
Uskayaw
Vehumet
Xom
Yredelemnul
Zin
The Shining One

Annotations:
D:8 Gastronok


Innate Abilities, Weirdness & Mutations

((You have a pair of small horns on your head.))
((You have sharp toenails.))
((Armour fits poorly on your strangely shaped body.))
You are dopey. (Int -2)
Your natural rate of healing is unusually fast.
((You are resistant to electric shocks. (rElec)))


Message History

You kill the adder!
Okawaru accepts your kill.
You hit Gastronok but do no damage.
Gastronok is moderately wounded.
Gastronok bites you.
* * * LOW HITPOINT WARNING * * *
You slash Gastronok!
Gastronok is moderately wounded.
Unknown command.
You slash Gastronok!
Gastronok is heavily wounded.
Gastronok bites you!!
* * * LOW HITPOINT WARNING * * *
You hit Gastronok.
Gastronok is heavily wounded.
You slash Gastronok!
Gastronok is heavily wounded.
Unknown command.
You feel better. Gastronok bites you!!
You die...

##########.#######..##.##.#######
#..........# ###..#...#.#
#.########)# #..........# #.#
#.#####.###.>..### #.####
#....##.# #.#.## .....#
####....###...### ####.#
###..........# #.#
#######.w#..####.######## #.#
#.......♣...# #.<.......# #.#
##.#####..#..###.###.###.#
####.###..### #..#......# #.# #.#
....[.......###..#.####.###.# #.#
.###.........#......).......# #.#
.# #..#####..#......).....### #.#
.# #..#...#.....[......##.# #..
.# #._#...#_.#.###.###.##.# #..
.# #..#A..#..#.....# #.##.# #..


You could see Gastronok.

Vanquished Creatures
  Pikel (D:8)
  Sigmund (D:5)
  The ghost of stickyfingers the Chopper, an amateur HOMo (D:4)
  A human (D:6)
  An ice beast (D:7)
  An orc warrior (D:7)
  A sky beast (D:8)
  An ogre (D:5)
  2 phantoms
  2 centaurs
  7 giant frogs
  2 scorpions (D:6)
  4 killer bees (D:7)
  5 wights (D:7)
  3 howler monkeys
  A crimson imp (D:5)
  A centaur zombie (D:5)
  A jelly (D:5)
  2 orc priests
  A hound (D:4)
  5 orc wizards
  An iguana (D:6)
  5 worker ants
  A killer bee zombie (D:4)
  A worker ant zombie (D:5)
  3 gnolls
  11 adders
  A howler monkey skeleton (D:7)
  2 oozes (D:5)
  An adder zombie (D:7)
  3 worms (D:4)
  3 dart slugs
  5 giant geckos
  14 orcs
  2 ball pythons
  7 giant cockroaches
  14 goblins
  4 hobgoblins
  15 jackals
  9 kobolds
  2 quokkas
  8 bats
  A giant gecko skeleton (D:4)
  9 giant newts
  2 jackal zombies
  5 rats
173 creatures vanquished.

Vanquished Creatures (others)
  3 slaves (D:8)
  A crimson imp (D:8)
  A hound zombie (D:8)
5 creatures vanquished.

Grand Total: 178 creatures vanquished

Notes
Turn   | Place    | Note
-------+----------+-------------------------------------------
     0 | D:1      | Legolas the High Elf Fighter began the quest for the Orb.
     0 | D:1      | Reached XP level 1. HP: 16/16 MP: 2/2
    26 | D:1      | Noticed an electric eel
   354 | D:1      | Reached XP level 2. HP: 14/21 MP: 3/3
   903 | D:1      | Gained mutation: Your natural rate of healing is unusually fast. [potion of beneficial mutation]
   908 | D:1      | Reached skill level 1 in Dodging
  1057 | D:2      | Reached XP level 3. HP: 13/26 MP: 4/4
  1291 | D:2      | Reached skill level 3 in Long Blades
  1473 | D:2      | Found a sparkling altar of Nemelex Xobeh.
  1502 | D:2      | Reached XP level 4. HP: 31/31 MP: 5/5
  2728 | D:4      | Reached XP level 5. HP: 36/36 MP: 6/6
  2787 | D:4      | Reached skill level 4 in Long Blades
  2795 | D:4      | Found an opulent altar of Gozag.
  2878 | D:4      | You fall through a shaft for 2 floors!
  2927 | D:5      | Entered Level 5 of the Dungeon
  2983 | D:5      | Reached XP level 6. HP: 39/43 MP: 7/7
  3071 | D:5      | Reached skill level 5 in Long Blades
  3177 | D:4      | Noticed stickyfingers's ghost (amateur HOMo)
  3200 | D:4      | Gained mutation: You are resistant to electric shocks. (rElec) [potion of mutation]
  3200 | D:4      | Gained mutation: Armour fits poorly on your strangely shaped body. [potion of mutation]
  3200 | D:4      | Gained mutation: You have sharp toenails. [potion of mutation]
  3220 | D:4      | Killed stickyfingers's ghost
  3220 | D:4      | Reached XP level 7. HP: 19/48 MP: 8/8
  3374 | D:4      | Got a smoking bone amulet
  3540 | D:4      | Found a deep blue altar of Sif Muna.
  3544 | D:4      | Found a glowing golden altar of the Shining One.
  3570 | D:4      | Found a burning altar of Makhleb.
  3573 | D:4      | Found a shadowy altar of Dithmenos.
  3705 | D:4      | Found a staircase to the Ecumenical Temple.
  3896 | Temple   | Entered the Ecumenical Temple
  3904 | Temple   | Became a worshipper of Warmaster Okawaru
  4101 | D:5      | Reached skill level 6 in Long Blades
  4491 | D:5      | Reached skill level 5 in Dodging
  4494 | D:5      | Gained mutation: You have a pair of small horns on your head. [potion of mutation]
  4494 | D:5      | Gained mutation: You are dopey. (Int -2) [potion of mutation]
  4579 | D:5      | Identified the amulet of Ashenzari's Generosity {Gourm rN+++ Int+6 Dex-4} (You took it off an orc on level 4 of the Dungeon)
  4621 | D:5      | Noticed Sigmund
  4642 | D:5      | Killed Sigmund
  4642 | D:5      | Reached * piety under Okawaru
  4642 | D:5      | Reached skill level 7 in Long Blades
  4642 | D:5      | Reached XP level 8. HP: 43/54 MP: 9/9
  4746 | D:6      | Reached skill level 5 in Armour
  4882 | D:6      | Found a snail-covered altar of Cheibriados.
  4937 | D:6      | Noticed a two-headed ogre
  4937 | D:6      | an ogre changed into a two-headed ogre
  4939 | D:6      | a two-headed ogre changed into a human
  5265 | D:6      | Reached skill level 1 in Evocations
  5427 | D:6      | Reached skill level 5 in Fighting
  5434 | D:6      | Reached skill level 8 in Long Blades
  5650 | D:7      | Reached ** piety under Okawaru
  5681 | D:7      | Reached XP level 9. HP: 27/61 MP: 10/10
  6603 | D:7      | Reached skill level 9 in Long Blades
  6725 | D:8      | Noticed an angel
  6726 | D:8      | Found a shimmering altar of Xom.
  6727 | D:8      | Found a glowing silver altar of Zin.
  6776 | D:8      | Noticed Pikel
  6795 | D:8      | Killed Pikel
  6795 | D:8      | Reached *** piety under Okawaru
  6795 | D:8      | Reached skill level 1 in Invocations
  7217 | D:8      | Noticed Gastronok
  7236 | D:8      | HP: 2/91 [Gastronok (19)]
  7239 | D:8      | Demolished by Gastronok

Vault maps used:
D:1:      arrival_aquarium_a
D:2:      first_bread, nemelex_xobeh_ov_fountains_minmay
D:4:      old_standard_altar, grunt_temple_overflow_cloverleaf
D:5:      minmay_ogre_servants, uniq_sigmund
D:6:      old_standard_altar, st_stairs_3, kennysheep_dice
D:8:      grunt_temple_overflow_order_and_chaos_1, uniq_pikel, uniq_joseph,
          uniq_gastronok
Temple:   nicolae_temple_no_exploring_needed

Skill      XL: |  1  2  3  4  5  6  7  8  9 |
---------------+----------------------------+-----
Armour         | 3 4 5 6 |  6.4
Dodging        | 1 2 3 4 5 7 8 |  8.2
Long Blades    | 3 4 5 7 8 9 |  9.9
Fighting       | 4 5 |  5.5
Evocations     | 1 |  1.2
Invocations    | 2 |  2.1
Shields        | |  2.8

Action                   |  1- 3 |  4- 6 |  7- 9 || total
-------------------------+-------+-------+-------++-------
Melee: Long sword        |   165 |   379 |   785 ||  1329
       Kick              |       |     3 |   198 ||   201
       Headbutt          |       |       |    88 ||    88
Evoke: Wand              |       |       |    10 ||    10
  Use: Potion            |     3 |     3 |    12 ||    18
       Scroll            |     3 |     7 |     8 ||    18
 Stab: Confused          |       |       |     2 ||     2
       Invisible         |       |       |     2 ||     2
  Eat: Chunk             |     2 |     5 |    11 ||    18
       Pizza             |       |       |     2 ||     2
       Meat ration       |       |       |     2 ||     2
Armor: Scale mail        |   116 |   117 |   154 ||   387
       Skin              |       |    71 |    87 ||   158
       Chain mail        |       |       |     3 ||     3
Dodge: Dodged            |    63 |   109 |   255 ||   427
Block: Shield            |   121 |   189 |   295 ||   605
